 Dungeon Crawl Stone Soup version 0.29-a0-323-g050149af67 (webtiles) character file.

Game seed: 4607577878317456326

11 Jortsu the Skirmisher (level 2, 2/24 HPs)
             Began as a Demonspawn Fighter on Apr 12, 2022.
             Quit the game on level 1 of the Dungeon.
             The game lasted 00:00:19 (186 turns).

Jortsu the Skirmisher (Demonspawn Fighter)           Turns: 186, Time: 00:00:19

Health: 2/24       AC:  6    Str: 16    XL:     2   Next: 13%
Magic:  2/2        EV:  8    Int:  9    God:
Gold:   0          SH:  4    Dex: 12    Spells: 1/1 levels left

rFire   . . .      SeeInvis .   a - +0 war axe
rCold   . . .      Faith    .   c - +0 buckler
rNeg    . . .      Spirit   .   b - +0 scale mail
rPois   .          Reflect  .   (no helmet)
rElec   .          Harm     .   (no cloak)
rCorr   .          Rampage  .   (no gloves)
Will    .....                   (no boots)
Stlth   ..........              (no amulet)
HPRegen 0.08/turn               (no ring)
MPRegen 0.16/turn               (no ring)

@: no status effects
A: magic regeneration
a: no special abilities


You were on level 1 of the Dungeon.
You visited 1 branch of the dungeon, and saw 1 of its levels.

Inventory:

Hand Weapons
 a - a +0 war axe (weapon)
Armour
 b - a +0 scale mail (worn)
 c - a +0 buckler (worn)
Potions
 d - a potion of might


   Skills:
 + Level 3.0 Fighting
 + Level 2.1 Axes
 + Level 2.9 Armour
 + Level 2.9 Shields


You had one spell level left.
You didn't know any spells.
Your spell library was empty.

Dungeon Overview and Level Annotations

Branches:
Dungeon (1/15)

Altars:


Innate Abilities, Weirdness & Mutations

You regenerate magic rapidly.


Message History

You block the quokka's attack.
You barely miss the ball python. You hit the rat.
You kill the rat!
You barely miss the quokka.
The quokka bites you but does no damage.
The ball python bites you. The ball python closely misses you.
The quokka bites you.
* * * LOW HITPOINT WARNING * * *
The ball python bites you but does no damage.
The ball python grabs you. The ball python constricts you.
You hit the ball python.
You kill the ball python!
You hit the quokka. The quokka bites you.
* * * LOW HITPOINT WARNING * * *
The dart slug launches a dart at you. You block the slug dart.
The quokka closely misses you. You block the quokka's attack.
Things that are here:
a +0 club; a ball python corpse You slash the dart slug!
The dart slug is almost dead.
You hit the quokka.
The quokka bites you but does no damage.
The dart slug bites you but does no damage.
The quokka bites you but does no damage.
You hit the dart slug.
You kill the dart slug!
You closely miss the quokka.
The quokka bites you but does no damage.
You block the quokka's attack.
You have reached level 2!
Your demonic ancestry asserts itself...
Your magic begins to regenerate rapidly.
You closely miss the quokka.
The quokka is heavily wounded.
The quokka barely misses you.
You hit the quokka.
You kill the quokka!
You see here a quokka corpse.
Are you sure you want to abandon this character and quit the game? (Confirm with "yes".)

#####.#.#########.#
...................
#####.#.###....#
#........####
......##.####
.###.. #..## #.
##..# ##
#...###.##..##
.......)@..P.#
###.......PPP.#
#..P...PP♣.♣..#
#....P..♣♣ .. #
#.P♣♣♣P.♣ .# #.♣
.... .. ... .P.# .
.. .P..#


There were no monsters in sight!

Vanquished Creatures
  A dart slug (D:1)
  2 ball pythons (D:1)
  3 goblins (D:1)
  A quokka (D:1)
  A frilled lizard (D:1)
  A rat (D:1)
9 creatures vanquished.

Vanquished Creatures (others)
  4 plants (D:1)
4 creatures vanquished.

Grand Total: 13 creatures vanquished

Notes
Turn   | Place    | Note
-------+----------+-------------------------------------------
     0 | D:1      | Jortsu the Demonspawn Fighter began the quest for the Orb.
     0 | D:1      | Reached XP level 1. HP: 18/18 MP: 1/1
   183 | D:1      | Gained mutation: You regenerate magic rapidly. [demonic
                  | ancestry]
   183 | D:1      | Reached XP level 2. HP: 2/24 MP: 2/2
   186 | D:1      | Quit the game

Illustrated notes

Levels and vault maps discovered:
D:1:      saegor_arrival_simple_b, layout_rooms, serial_forest,
          infiniplex_forest_lined_room_2, infiniplex_forest_lined_4_way,
          infiniplex_forest_clump_double, infiniplex_forest_zigzag_1

Skill      XL: |  1 |
---------------+----+-----
Axes           | 2 |  2.1
Fighting       | |  3.0
Armour         | |  2.9
Shields        | |  2.9

Action                   || total
-------------------------++-------
Melee: War axe           ||    26
Armor: Scale mail        ||    22
Dodge: Dodged            ||    12
Block: Buckler           ||     5

Table legend: (Time is in decaauts)
 A = Elapsed time spent in this place.
 B = Non-inter-level travel time spent in this place.
 C = Inter-level travel time spent in this place.
 D = Time resting spent in this place.
 E = Time spent auto-exploring this place.
 F = Levels seen in this place.
 G = Mean time per level.
                   A        B        C        D        E       F      G
               +--------+--------+--------+--------+--------+-----+--------+
         Total |    197 |    197 |      0 |      0 |    144 |   1 |  197.0 |
       Dungeon |    197 |    197 |      0 |      0 |    144 |   1 |  197.0 |
               +--------+--------+--------+--------+--------+-----+--------+

Top non-repeatable levels by time:
     D:1: 197 daAuts
